 Dungeon Crawl Stone Soup version 0.28.0 (webtiles) character file.

Game seed: 18327284495237646709

266843 fiver49 the Tortoise (level 20, -16/178 HPs)
             Began as a Barachi Abyssal Knight on Feb 7, 2022.
             Was the Champion of Lugonu.
             Killed from afar by an ironbound thunderhulk (60 damage)
             ... with a bolt of lightning
             ... summoned by a boggart
             ... on level 2 of the Vaults.
             The game lasted 02:57:34 (46057 turns).

fiver49 the Tortoise (Barachi Abyssal Knight)      Turns: 46057, Time: 02:57:34

Health: -16/178    AC: 27    Str: 33    XL:     20   Next: 11%
Magic:  27/30      EV: 18    Int:  7    God:    Lugonu [******]
Gold:   1271       SH: 15    Dex: 17    Spells: 19/19 levels left

rFire   . . .      SeeInvis .   a - +9 demon blade (vamp)
rCold   . . .      Faith    .   h - +2 kite shield
rNeg    . . .      Spirit   .   j - +4 chain mail of Sif Muna's Esteem {+Blink Regen+ Str+3 Int-3}
rPois   .          Reflect  .   v - +2 hat
rElec   .          Harm     .   Q - +0 cloak
rCorr   .          Rampage  .   H - +0 pair of gloves {infuse}
Will    ++...                   e - +0 pair of boots
Stlth   ..........              g - amulet "Ericziof" {Regen+ Dex+4 Stlth+}
HPRegen 1.99/turn               M - +6 ring of strength
MPRegen 0.22/turn               U - ring of willpower

@: unable to hop, slow
A: amphibious, slowness 1, strong legs 2, +LOS
}: 2/15 runes: serpentine, barnacled
a: Hop, Renounce Religion, Evoke Blink, Depart the Abyss, Bend Space, Banish,
Corrupt, Enter the Abyss, Brand Weapon With Distortion


You were on level 2 of the Vaults.
You worshipped Lugonu.
Lugonu was exalted by your worship.
You visited 6 branches of the dungeon, and saw 33 of its levels.
You visited the Abyss 3 times.
You also visited: Sewer and Ossuary.

You collected 3502 gold pieces.
You spent 2231 gold pieces at shops.

Inventory:

Hand Weapons
 a - a +9 vampiric demon blade (weapon)
   (You acquired it on level 13 of the Dungeon)
 b - a +3 scimitar of flaming
   (You took it off Erica on level 8 of the Dungeon)
Missiles
 l - 6 silver javelins
 y - 3 throwing nets
 A - 30 boomerangs (quivered)
 E - 5 javelins
 P - 2 boomerangs of dispersal
 X - 2 curare-tipped darts
Armour
 e - a +0 pair of boots (worn)
   (You found it on level 15 of the Dungeon)
 h - a +2 kite shield (worn)
   (You bought it in a shop on level 2 of the Orcish Mines)
 j - the +4 chain mail of Sif Muna's Esteem (worn) {+Blink Regen+ Str+3 Int-3}
   (You bought it in a shop on level 2 of the Orcish Mines)

   Str:       It affects your strength (+3).
   Int:       It affects your intelligence (-3).
   +Blink:    It lets you blink.
   Regen:     It increases your rate of health regeneration.
 v - a +2 hat (worn)
   (You found it on level 4 of the Shoals)
 H - a +0 pair of gloves of infusion (worn)
   (You bought it in a shop on level 1 of the Vaults)
 Q - a +0 cloak (worn)
   (You found it on level 7 of the Dungeon)
Jewellery
 g - the amulet "Ericziof" (around neck) {Regen+ Dex+4 Stlth+}
   (You bought it in a shop on level 8 of the Dungeon)

   [amulet of regeneration]

   Dex:       It affects your dexterity (+4).
   Regen:     It increases your rate of health regeneration.
   Stlth:     It makes you more stealthy.
 u - a ring of see invisible
   (You bought it in a shop on level 4 of the Shoals)
 z - the amulet "Plog" {Reflect rPois rF- Will+ Slay+3 SH+5}
   (You acquired it on level 13 of the Dungeon)

   [amulet of reflection]

   It reflects blocked missile attacks.
   Slay:      It affects your accuracy & damage with ranged weapons and melee
   (+3).
   rF:        It makes you vulnerable to fire.
   rPois:     It protects you from poison.
   SH:        It affects your SH (+5).
   Will:      It increases your willpower.
 C - a ring of resist corrosion
   (You found it on level 5 of the Dungeon)
 I - a ring of positive energy
   (You found it on level 1 of the Lair of Beasts)
 J - a ring of poison resistance
   (You took it off a centaur warrior on level 12 of the Dungeon)
 M - a +6 ring of strength (left hand)
   (You found it on level 10 of the Dungeon)
 N - a ring of flight
   (You found it on level 14 of the Dungeon)
 O - a +6 ring of dexterity
   (You found it on level 7 of the Dungeon)
 U - a ring of willpower (right hand)
   (You found it on level 15 of the Dungeon)
 Y - a +6 ring of intelligence
   (You found it on level 6 of the Lair of Beasts)
 Z - the ring of Arphicas {*Corrode +Blink rF+ Str+4}
   (You took it off a centaur warrior on level 2 of the Shoals)

   [ring of protection from fire]

   Str:       It affects your strength (+4).
   rF:        It protects you from fire.
   +Blink:    It lets you blink.
   *Corrode:  It may corrode you when you take damage.
Wands
 p - a wand of acid (9)
   (You found it on level 2 of the Lair of Beasts)
 R - a wand of iceblast (11)
   (You found it on level 8 of the Dungeon)
Scrolls
 c - 11 scrolls of blinking
 d - 4 scrolls of immolation
 f - 3 scrolls of fog
 k - 4 scrolls of brand weapon
 n - 20 scrolls of teleportation
 r - a scroll of summoning
 s - 8 scrolls of fear
 w - 5 scrolls of enchant armour
 x - 7 scrolls of noise
 B - 3 scrolls of vulnerability
 W - 7 scrolls of magic mapping
Potions
 i - 19 potions of curing
 m - 9 potions of attraction
 o - 4 potions of resistance
 q - 4 potions of might
 t - 7 potions of magic
 F - 2 potions of cancellation
 G - 6 potions of mutation
 K - 4 potions of brilliance
 S - 7 potions of lignification
 T - 4 potions of heal wounds
 V - 2 potions of haste
Miscellaneous
 D - a phial of floods
   (You found it on level 4 of the Shoals)
 L - a condenser vane
   (You found it on level 13 of the Dungeon)


   Skills:
 * Level 20.4 Fighting
 - Level 14.1 Long Blades
 + Level 4.3 Throwing
 * Level 20.8 Armour
 + Level 16.8 Dodging
 * Level 11.8 Shields
 - Level 14.0 Invocations


You had 19 spell levels left.
You didn't know any spells.
Your spell library contained the following spells:

 Spells                   Type           Power      Damage    Failure   Level
 Animate Skeleton         Necr           0%         N/A       92%         1
 Apportation              Tloc           0%         N/A       92%         1
 Magic Dart               Conj           0%         1d3       92%         1
 Shock                    Conj/Air       0%         1d3       92%         1
 Slow                     Hex            0%         N/A       92%         1
 Summon Small Mammal      Summ           0%         N/A       92%         1
 Blink                    Tloc           0%         N/A       98%         2
 Corpse Rot               Necr/Air       0%         N/A       98%         2
 Ensorcelled Hibernation  Hex/Ice        0%         N/A       98%         2
 Passwall                 Tmut/Erth      0%         N/A       98%         2
 Searing Ray              Conj           0%         2d4       98%         2
 Sublimation of Blood     Necr           0%         N/A       98%         2
 Wereblood                Tmut           0%         N/A       98%         2
 Confusing Touch          Hex            0%         N/A       100%        3
 Swiftness                Air            0%         N/A       100%        3
 Vampiric Draining        Necr           0%         2d6       100%        3
 Airstrike                Air            0%         N/A       100%        4
 Animate Dead             Necr           0%         N/A       100%        4
 Dispel Undead            Necr           0%         3d6       100%        4
 Fulminant Prism          Conj/Hex       0%         3d6       100%        4
 Hailstorm                Conj/Ice       0%         3d3       100%        4
 Ice Form                 Ice/Tmut       0%         N/A       100%        4
 Leda's Liquefaction      Hex/Erth       0%         N/A       100%        4
 Petrify                  Tmut/Erth      0%         N/A       100%        4
 Sticky Flame             Conj/Fire      0%         2d3       100%        4
 Borgnjor's Vile Clutch   Necr/Erth      0%         N/A       100%        5
 Irradiate                Conj/Tmut      0%         3d13      100%        5
 Lee's Rapid Deconstruct  Erth           0%         3d5*      100%        5
 Manifold Assault         Tloc           0%         N/A       100%        5
 Silence                  Hex/Air        0%         N/A       100%        5
 Death Channel            Necr           0%         N/A       100%        6
 Dispersal                Tloc           0%         N/A       100%        6
 Simulacrum               Ice/Necr       0%         N/A       100%        6
 Statue Form              Tmut/Erth      0%         N/A       100%        6
 Storm Form               Tmut/Air       0%         N/A       100%        7
 Summon Hydra             Summ           0%         N/A       100%        7
 Disjunction              Tloc           0%         N/A       100%        8
 Ignition                 Fire           0%         3d3       100%        8


Dungeon Overview and Level Annotations

Branches:
Dungeon (15/15)            Temple (0/1) D:4            Lair (6/6) D:9
 Shoals (4/4) Lair:3        Snake (4/4) Lair:2        Slime (0/5) Lair:5
    Orc (2/2) D:9             Elf (0/3) Orc:2        Vaults (2/5) D:13
 Depths (0/4) D:15          Sewer (visited)         Ossuary (visited)
  Crypt: Vaults:2-3

Altars:
Dithmenos
Gozag
Nemelex Xobeh
Okawaru
Ru
The Shining One

Shops:
D:1 (   D:8 (*[=   D:15 ?   Orc:2 [[!:   Shoals:1 (   Shoals:2 [   Shoals:4 *
Vaults:1 [

Annotations:
D:4 Eustachio
D:6 1 runed translucent door, exclusion: door, Crazy Yiuf
D:14 3 runed translucent doors, exclusion: 3 doors, Anonymone's ghost, journeyman DsGl
Lair:5 exclusion: downstairs
Abyss:1 Harold; Urug


Innate Abilities, Weirdness & Mutations

You are amphibious.
You cover ground slowly.
You can hop long distances.
You have an extended range of vision and can be seen from far away.


Message History

The sphinx mumbles some strange words.
You resist with almost no effort.
You slash the sphinx!
The sphinx is severely wounded.
The sphinx hits you but does no damage. You block the sphinx's attack.
The sphinx hits you but does no damage.
You hit the sphinx.
The sphinx is severely wounded.
The sphinx mumbles some strange words.
Something smites you!
You slice the sphinx!!
You feel better.
You kill the sphinx!
Lugonu accepts your kill.
There is a large open door here.
You start resting.
Magic restored.
You open the door.
Found a book of Debilitation.
There is an open door here.
You see here a book of Debilitation.
You open the door.
A boggart comes into view.
The boggart shouts!
You hear a shout!
The boggart casts a spell.
The boggart blinks!
A boggart comes into view.
A boggart comes into view.
There is an open door here.
The boggart shouts!
The boggart casts a spell.
You hit the boggart.
The boggart is lightly wounded.
The boggart mumbles some strange words.
You block the boggart's attack.
The boggart gestures wildly while chanting.
You barely miss the boggart.
The boggart is lightly wounded.
You block the boggart's attack.
You barely miss the boggart.
The boggart is lightly wounded.
Electricity crackles from the ironbound thunderhulk's apparatus.
The bolt of lightning misses you.
The vault sentinel blows a loud note on a signal horn!
The boggart gestures wildly while chanting.
You slice the boggart!!
You kill the boggart!
Lugonu accepts your kill.
The slime creature dissolves into shadows! x5
The boggart casts a spell.
You slash the boggart!
The boggart is heavily wounded.
The boggart mumbles some strange words.
The boggart flickers and vanishes!
Deactivating autopickup; reactivate with Ctrl-A.
The ironbound convoker casts a spell at the dire elephant.
The dire elephant seems to grow stronger.
You cut something into ribbons!!! Lugonu accepts your kill.
Reactivating autopickup.
The vault sentinel dissolves into shadows!
You feel a bit more experienced.
The ironbound convoker casts a spell at the dire elephant.
The dire elephant seems to grow stronger.
The dire elephant tramples you but does no damage.
The dire elephant trunk-slaps you but does no damage.
You block the dire elephant's attack. The dire elephant misses you.
The boggart hits you but does no damage.
The ironbound thunderhulk hits you with a +0 dire flail!
The dire elephant tramples you!!!
You hold your ground!
The dire elephant trunk-slaps you!
You slash the dire elephant!
The dire elephant is lightly wounded.
Strange energies crackle from the ironbound thunderhulk's apparatus.
The ironbound thunderhulk blinks!
Unknown command.
The boggart mumbles some strange words.
The boggart flickers and vanishes!
Deactivating autopickup; reactivate with Ctrl-A.
The dire elephant tramples you!!!
You hold your ground!
The dire elephant trunk-slaps you but does no damage.
The dire elephant misses you.
The dire elephant trunk-slaps you but does no damage.
Strange energies crackle from the ironbound thunderhulk's apparatus.
The ironbound thunderhulk blinks!
The dire elephant completely misses you.
The dire elephant trunk-slaps you but does no damage.
Something hits you but does no damage.
You miss something.
The dire elephant completely misses you.
The dire elephant trunk-slaps you! The dire elephant tramples you!
You stumble backwards!
Electricity crackles from the ironbound thunderhulk's apparatus.
The bolt of lightning hits you!!
* * * LOW HITPOINT WARNING * * *
Hop to where?
Press: ? - help, Dir - move target Boing!
Electricity crackles from the ironbound thunderhulk's apparatus.
The bolt of lightning hits you!!!
You die...

## .#
.####################
.#....'........#....#
.#....#.:......'@...+
.#....##########....#
.'....#........#.Y.p#
.#....#........#..YY#
##....'........+....#
#....'........+..Y☼#
##....#........#....#
.#....#........#....+
.#....##########§O..#


You could see 4 dire elephants, an ironbound thunderhulk (summoned) and an
ironbound convoker (summoned).

Vanquished Creatures
  Margery (Vaults:1)
  A sphinx (Vaults:2)
  A kraken (Shoals:4)
  Polyphemus (Shoals:3)
  Ilsuiw (Shoals:4)
  2 nagarajas
  A fire giant (Vaults:1)
  2 orc warlords
  4 vault wardens (Vaults:1)
  Louise (D:15)
  A very ugly thing (Vaults:1)
  4 ironbound preservers (Vaults:1)
  3 ironbound thunderhulks
  A fire dragon (Lair:6)
  4 merfolk impalers
  4 merfolk javelineers
  10 naga warriors
  Erolcha (D:13)
  5 salamander tyrants
  5 vault guards (Vaults:1)
  9 hydras
  10 centaur warriors
  An ironbound frostheart (Vaults:1)
  9 boulder beetles
  2 alligator snapping turtles
  4 catoblepae
  8 anacondas
  3 merfolk avatars
  Erica (D:8)
  An ogre mage (D:13)
  4 merfolk aquamancers
  7 satyrs (Shoals:4)
  4 two-headed ogres
  17 death yaks
  11 naga sharpshooters
  3 orc high priests
  5 shock serpents
  A thrashing horror (Abyss:2)
  Sonja (Orc:2)
  A sun demon (Abyss:2)
  6 hell knights
  A shadow wraith (Abyss:2)
  5 salamander mystics
  5 skeletal warriors (D:14)
  6 naga ritualists
  13 sea snakes
  A glowing orange brain (shapeshifter) (D:15)
  A glowing orange brain (Vaults:1)
  8 deep trolls (Vaults:1)
  4 orc knights
  3 wizards (Vaults:1)
  4 ironbound convokers
  2 deep elf pyromancers (D:12)
  6 lindwurms
  22 harpies
  17 ugly things
  2 wolf spiders
  5 mana vipers
  10 orc sorcerers
  2 oklob plants (Shoals:4)
  12 manticores
  14 fauns
  8 cyclopes
  7 merfolk sirens
  23 elephants
  3 vault sentinels (Vaults:1)
  6 guardian serpents
  27 black mambas
  19 salamanders
  27 naga magi
  15 cane toads
  Maurice (D:12)
  9 water nymphs
  3 torpor snails
  3 gargoyles
  7 yaktaurs
  A tengu conjurer (D:14)
  2 efreet (D:12)
  19 komodo dragons
  3 unseen horrors (D:12)
  5 rime drakes
  A kobold demonologist (D:10)
  9 trolls
  12 polar bears
  23 merfolk
  4 meliai
  A large abomination (Abyss:2)
  7 wind drakes
  10 slime creatures
  2 raiju (Lair:6)
  9 snapping turtles
  11 dream sheep
  25 blink frogs
  3 shadows
  2 vampires
  A culicivora (shapeshifter) (D:12)
  3 wraiths
  16 water elementals
  A small abomination (Abyss:2)
  46 yaks
  3 wyverns
  A human (shapeshifter) (D:14)
  9 basilisks
  11 vampire mosquitoes
  A basilisk (shapeshifter) (D:15)
  A chaos spawn (Abyss:2)
  A steam dragon (Lair:6)
  A harpy simulacrum (D:11)
  8 wargs
  13 hell hounds (Lair:6)
  4 acid dragons (Lair:6)
  41 nagas
  Duvessa (D:6)
  14 water moccasins
  A swamp drake (Lair:6)
  23 orc warriors
  A sky beast (D:6)
  12 black bears
  5 ogres
  10 centaurs
  40 wolves
  2 boggarts (Vaults:2)
  A phantom (D:5)
  14 bullfrogs
  A scorpion (D:7)
  Dowan (D:6)
  10 killer bees
  2 elephant simulacra (Lair:2)
  8 wights
  An electric eel (Lair:3)
  2 howler monkeys (D:11)
  A crimson imp (D:5)
  5 hounds
  5 jellies
  5 centaur zombies
  2 bullfrog skeletons (D:5)
  20 orc priests
  A human zombie (Ossuary)
  10 iguanas
  28 orc wizards
  2 killer bee zombies (D:6)
  A hound zombie (D:5)
  A hound skeleton (D:4)
  2 mummies (Ossuary)
  A howler monkey zombie (D:9)
  Robin (D:4)
  4 gnolls (D:3)
  A howler monkey skeleton (D:7)
  16 adders
  4 river rats
  A white imp (Abyss:2)
  2 ufetubi
  2 worms
  A dart slug (D:4)
  71 orcs
  8 ball pythons
  5 endoplasms
  2 giant cockroaches
  A gnoll zombie (Ossuary)
  10 goblins
  7 hobgoblins
  4 jackals (D:2)
  4 quokkas
  7 bats
  8 frilled lizards
  A goblin zombie (Ossuary)
  3 hobgoblin zombies
  3 kobolds
  3 kobold zombies
  3 orc skeletons (D:5)
  3 orc zombies
  10 rats
1190 creatures vanquished.

Vanquished Creatures (collateral kills)
  A two-headed ogre (D:13)
  An acid dragon (D:13)
2 creatures vanquished.

Vanquished Creatures (others)
  A merfolk aquamancer (Shoals:4)
  A harpy (Shoals:4)
  A cyclops (D:12)
  A basilisk (D:12)
  An orc priest (Orc:2)
  An orc wizard (Orc:2)
  2 orcs (Orc:1)
  39 fungi
  274 plants
  4 tentacles (Shoals:4)
325 creatures vanquished.

Grand Total: 1517 creatures vanquished

Notes
Turn   | Place    | Note
-------+----------+-------------------------------------------
     0 | Abyss:1  | fiver49 the Barachi Abyssal Knight began the quest for the
                  | Orb.
     0 | Abyss:1  | Reached XP level 1. HP: 18/18 MP: 2/2
    10 | D:1      | Escaped the Abyss
   142 | D:1      | Found Gefosad's Antique Weapon Emporium.
   325 | D:1      | Reached skill level 3 in Long Blades
   325 | D:1      | Reached XP level 2. HP: 7/24 MP: 3/3
   535 | D:1      | Found a faded altar of an unknown god.
   920 | D:2      | Reached skill level 2 in Invocations
   943 | D:2      | Reached XP level 3. HP: 28/29 MP: 4/4
   965 | D:2      | Reached skill level 4 in Long Blades
  1353 | D:2      | Identified the +5 ring mail of the Game Afoot {rN++ Dex+2
                  | Stlth-}
  1382 | D:2      | Found a shadowy altar of Dithmenos.
  1389 | D:2      | Reached XP level 4. HP: 36/36 MP: 5/5
  1728 | D:3      | Found a glowing drain.
  1769 | D:3      | Reached ** piety under Lugonu
  1779 | Sewer    | Entered a sewer
  1935 | Sewer    | Reached skill level 5 in Long Blades
  2023 | Sewer    | Reached XP level 5. HP: 41/41 MP: 7/7
  2139 | Sewer    | Reached skill level 3 in Invocations
  2302 | D:3      | Found an opulent altar of Gozag.
  2371 | D:3      | You fall into a shaft and drop 1 floor!
  2476 | D:4      | Noticed an ogre
  2486 | D:4      | Noticed Robin
  2499 | D:4      | Killed an ogre
  2500 | D:4      | Reached skill level 6 in Long Blades
  2500 | D:4      | Reached XP level 6. HP: 24/47 MP: 8/8
  2513 | D:4      | Killed Robin
  2983 | D:4      | Reached skill level 7 in Long Blades
  3194 | D:4      | Found a staircase to the Ecumenical Temple.
  3314 | D:3      | Reached *** piety under Lugonu
  3600 | D:3      | Reached XP level 7. HP: 52/52 MP: 9/9
  3755 | D:3      | Reached skill level 4 in Invocations
  4326 | D:4      | Noticed Eustachio
  4408 | D:5      | Entered Level 5 of the Dungeon
  5265 | D:4      | Reached skill level 8 in Long Blades
  5695 | D:5      | Reached XP level 8. HP: 55/59 MP: 11/11
  5727 | D:5      | Reached skill level 9 in Long Blades
  5838 | D:5      | Reached skill level 5 in Invocations
  5900 | D:5      | Found a glowing golden altar of the Shining One.
  6347 | D:6      | Noticed Dowan
  6348 | D:6      | Noticed Duvessa
  6437 | D:5      | Reached skill level 10 in Long Blades
  6940 | D:6      | Identified the -4 helmet "Dohuq" {Harm +Blink Stlth-}
  7007 | D:6      | Killed Duvessa
  7008 | D:6      | Reached skill level 11 in Long Blades
  7032 | D:6      | Killed Dowan
  7033 | D:6      | Reached skill level 6 in Invocations
  7033 | D:6      | Reached XP level 9. HP: 26/64 MP: 13/13
  7902 | D:6      | Found a runed translucent door.
  7902 | D:6      | Found the +6 shillelagh "Devastator" {shatter}
  7903 | D:6      | Noticed Crazy Yiuf
  7955 | D:6      | Found a sacrificial altar of Ru.
  8200 | D:7      | Reached **** piety under Lugonu
  8201 | D:7      | Reached skill level 12 in Long Blades
  8393 | D:7      | Found a sand-covered staircase.
  8419 | D:7      | HP: 15/64 [poisoned by a killer bee]
  8592 | Ossuary  | Entered an ossuary
  8879 | D:7      | HP: 16/64 [poisoned by a scorpion]
  9178 | D:7      | Identified the +8 short sword "Rabatam" {spect, rF+ Int+3}
  9462 | D:7      | Reached skill level 7 in Invocations
  9588 | D:8      | Found Xoove's General Store.
  9591 | D:8      | Found Feidoxto's Weapon Boutique.
  9592 | D:8      | Found Vatt's Jewellery Boutique.
  9595 | D:8      | Found Zoit's Antique Armour Boutique.
  9596 | D:8      | Noticed a gargoyle
  9599 | D:8      | Banished a gargoyle
  9600 | D:8      | Reached skill level 13 in Long Blades
  9614 | D:8      | Bought a scroll of identify for 24 gold pieces
  9614 | D:8      | Bought a scroll of blinking for 90 gold pieces
  9614 | D:8      | Bought a potion of curing for 36 gold pieces
 10000 | D:8      | Reached XP level 10. HP: 68/70 MP: 15/15
 10059 | D:8      | Noticed Erica
 10068 | D:8      | Killed Erica
 10069 | D:8      | Reached skill level 14 in Long Blades
 10159 | D:8      | Noticed a two-headed ogre
 10163 | D:8      | Banished a two-headed ogre
 10164 | D:8      | Reached skill level 4 in Fighting
 10164 | D:8      | Reached skill level 3 in Armour
 10164 | D:8      | Reached skill level 2 in Dodging
 10164 | D:8      | Reached skill level 1 in Shields
 10280 | D:8      | Reached skill level 2 in Shields
 10584 | D:9      | Reached skill level 8 in Invocations
 10676 | D:9      | Found a staircase to the Orcish Mines.
 10783 | D:9      | Reached skill level 4 in Armour
 10783 | D:9      | Reached skill level 3 in Dodging
 11043 | D:9      | Reached skill level 5 in Fighting
 11225 | D:9      | Reached skill level 3 in Shields
 11263 | D:9      | Reached skill level 4 in Dodging
 11263 | D:9      | Reached XP level 11. HP: 41/81 MP: 17/17
 11467 | D:9      | Found a staircase to the Lair.
 11512 | D:9      | Reached skill level 5 in Armour
 11858 | D:9      | Reached skill level 4 in Shields
 11966 | D:10     | Entered Level 10 of the Dungeon
 11985 | D:9      | Reached skill level 6 in Fighting
 12440 | D:10     | Noticed a centaur warrior
 12457 | D:10     | Killed a centaur warrior
 12900 | D:10     | Reached skill level 5 in Dodging
 13213 | D:11     | Reached skill level 6 in Armour
 13234 | D:11     | Reached skill level 5 in Shields
 13288 | D:11     | Reached skill level 7 in Fighting
 13437 | D:11     | Noticed Urug
 13440 | D:11     | Banished Urug
 13484 | D:11     | Reached skill level 6 in Dodging
 13488 | D:11     | Reached skill level 7 in Armour
 13699 | D:11     | Noticed a manticore
 13706 | D:11     | Killed a manticore
 13707 | D:11     | Reached skill level 8 in Fighting
 14068 | D:11     | Reached XP level 12. HP: 72/93 MP: 18/18
 14485 | Lair:1   | Entered Level 1 of the Lair of Beasts
 14534 | Lair:1   | Reached skill level 7 in Dodging
 14539 | Lair:1   | Reached skill level 8 in Armour
 14588 | Lair:1   | Reached skill level 9 in Invocations
 14874 | Lair:1   | Reached skill level 9 in Fighting
 15843 | Lair:1   | Reached skill level 9 in Armour
 15843 | Lair:1   | Reached skill level 8 in Dodging
 15975 | Lair:1   | HP: 23/96 [black mamba (7)]
 15981 | Lair:1   | HP: 16/96 [poisoned by a black mamba]
 16484 | Lair:2   | Reached skill level 10 in Fighting
 16570 | Lair:2   | Reached skill level 10 in Armour
 16570 | Lair:2   | Reached skill level 9 in Dodging
 16862 | Lair:2   | Gained mutation: You can hop long distances. [Barachi
                  | growth]
 16862 | Lair:2   | Reached XP level 13. HP: 104/104 MP: 20/20
 16896 | Lair:2   | Found a staircase to the Snake Pit.
 17071 | Lair:2   | Noticed Harold
 17590 | Lair:2   | Reached skill level 11 in Fighting
 17644 | Lair:2   | Reached ***** piety under Lugonu
 17644 | Lair:2   | Banished Harold
 18180 | Lair:3   | Found a staircase to the Shoals.
 18257 | Lair:3   | Reached skill level 11 in Armour
 18269 | Lair:3   | Reached skill level 10 in Dodging
 19453 | Lair:4   | Reached skill level 10 in Invocations
 19910 | Lair:4   | Reached skill level 12 in Fighting
 20876 | Lair:4   | Reached skill level 12 in Armour
 20896 | Lair:4   | Reached skill level 11 in Dodging
 20907 | Lair:4   | Reached XP level 14. HP: 64/116 MP: 21/21
 21097 | Lair:5   | Found a sparkling altar of Nemelex Xobeh.
 21818 | Lair:5   | Found a staircase to the Slime Pits.
 21913 | Lair:5   | Reached skill level 13 in Fighting
 22559 | Lair:5   | Identified the +0 chain mail of Cuonuad {Int+3}
 22655 | Lair:5   | Reached skill level 13 in Armour
 22835 | Lair:6   | Entered Level 6 of the Lair of Beasts
 22960 | Lair:6   | Reached skill level 12 in Dodging
 23556 | Lair:6   | Reached ****** piety under Lugonu
 24160 | Lair:6   | Reached skill level 14 in Fighting
 24474 | Lair:6   | Reached XP level 15. HP: 97/126 MP: 23/23
 24699 | Lair:6   | Reached skill level 11 in Invocations
 24913 | Lair:6   | Reached skill level 14 in Armour
 25296 | Lair:6   | Reached skill level 13 in Dodging
 26858 | D:8      | Bought the amulet "Ericziof" {Regen+ Dex+4 Stlth+} for 626
                  | gold pieces
 27239 | D:12     | Reached skill level 15 in Fighting
 27379 | D:12     | Identified the +6 longbow "Caulirch" {venom, rCorr MP-9
                  | Str+6}
 27379 | D:12     | Noticed Maurice
 27387 | D:12     | Killed Maurice
 27488 | D:12     | HP: 30/129 [boulder beetle (9)]
 27948 | D:12     | Reached skill level 15 in Armour
 28627 | D:13     | Found a gate to the Vaults.
 28640 | D:13     | Reached skill level 14 in Dodging
 28864 | D:13     | Identified 2 scrolls of acquirement
 28864 | D:13     | Acquired the amulet "Plog" {Reflect rPois rF- Will+ Slay+3
                  | SH+5}
 28865 | D:13     | Acquired a +3 vampiric demon blade
 28976 | D:13     | Noticed Erolcha
 28993 | D:13     | Killed Erolcha
 28994 | D:13     | Reached XP level 16. HP: 136/137 MP: 24/24
 29098 | D:13     | Reached skill level 6 in Shields
 29788 | D:14     | Found a runed translucent gate.
 29788 | D:14     | Found a runed translucent gate.
 29788 | D:14     | Found a runed translucent gate.
 29794 | D:14     | Noticed Anonymone's ghost (journeyman DsGl)
 29795 | D:14     | Found an iron altar of Okawaru.
 30008 | D:14     | Reached skill level 16 in Fighting
 30165 | D:14     | Identified the +2 scale mail of Ruteesm {Harm Will+ Str-3
                  | Int+4}
 30358 | D:15     | Entered Level 15 of the Dungeon
 30429 | D:15     | Found Nefutur's Magic Scroll Shoppe.
 30435 | D:15     | Noticed Louise
 30455 | D:15     | Cast into level 2 of the Abyss (Louise)
 30712 | D:15     | Escaped the Abyss
 30728 | D:15     | Killed Louise
 30747 | D:15     | Bought a scroll of teleportation for 39 gold pieces
 30747 | D:15     | Bought a scroll of teleportation for 39 gold pieces
 30750 | D:15     | Bought a scroll of enchant weapon for 97 gold pieces
 30883 | D:15     | Reached skill level 16 in Armour
 31396 | D:15     | Found a staircase to the Depths.
 31711 | Orc:1    | Entered Level 1 of the Orcish Mines
 32214 | Orc:2    | Entered Level 2 of the Orcish Mines
 32439 | Orc:2    | Noticed Sonja
 32444 | Orc:2    | Killed Sonja
 32445 | Orc:2    | Reached skill level 7 in Shields
 32445 | Orc:2    | Reached skill level 12 in Invocations
 32557 | Orc:2    | Found Petwops's Book Shoppe.
 32631 | Orc:2    | HP: 20/139 [orc knight (24)]
 32658 | Orc:2    | HP: 32/139 [orc high priest/divine providence (12)]
 33002 | Orc:2    | Found Juipt's Antique Armour Boutique.
 33005 | Orc:2    | Found Xauraetwu's Antique Armour Shoppe.
 33007 | Orc:2    | Found Yramm's Distillery.
 33041 | Orc:2    | Bought a potion of curing for 48 gold pieces
 33066 | Orc:2    | Bought an ancient chain mail for 294 gold pieces
 33066 | Orc:2    | Identified the +3 chain mail of Dithmenos's Hope {Str+4
                  | Dex+6 Stlth+} (You bought it in a shop on level 2 of the
                  | Orcish Mines)
 33066 | Orc:2    | Bought a runed kite shield for 232 gold pieces
 33090 | Orc:2    | Bought a bloodstained chain mail for 256 gold pieces
 33090 | Orc:2    | Identified the +4 chain mail of Sif Muna's Esteem {+Blink
                  | Regen+ Str+3 Int-3} (You bought it in a shop on level 2 of
                  | the Orcish Mines)
 33230 | Orc:2    | Found a staircase to the Elven Halls.
 33813 | Snake:1  | Entered Level 1 of the Snake Pit
 33891 | Snake:1  | Reached skill level 17 in Fighting
 34041 | Lair:2   | Reached XP level 17. HP: 147/147 MP: 13/26
 34135 | Snake:1  | HP: 20/147 [shock serpent/bolt of electricity (20)]
 34317 | Snake:1  | Reached skill level 17 in Armour
 34932 | Snake:1  | Reached skill level 15 in Dodging
 34938 | Snake:1  | Reached skill level 8 in Shields
 35368 | Snake:2  | Identified the +0 dagger "Kiassa" {drain, rPois rF+}
 35907 | Snake:2  | Reached skill level 18 in Fighting
 36098 | Snake:3  | HP: 37/149 [salamander (12)]
 36274 | Snake:3  | Reached skill level 18 in Armour
 36464 | Snake:4  | Entered Level 4 of the Snake Pit
 36949 | Snake:3  | Reached skill level 9 in Shields
 37088 | Snake:3  | Reached XP level 18. HP: 117/157 MP: 27/27
 37615 | Snake:3  | Reached skill level 13 in Invocations
 38395 | Snake:4  | Got a serpentine rune of Zot
 38584 | Shoals:1 | Entered Level 1 of the Shoals
 38822 | Shoals:1 | Reached skill level 19 in Armour
 39066 | Shoals:1 | Found Icosahiheu's Weapon Shop.
 39762 | Shoals:2 | Found Iluryssu's Armour Emporium.
 39782 | Shoals:2 | Identified the ring of Arphicas {*Corrode +Blink rF+ Str+4}
 39842 | Shoals:2 | Reached skill level 16 in Dodging
 39842 | Shoals:2 | Reached skill level 10 in Shields
 40529 | Shoals:3 | Noticed Polyphemus
 40543 | Shoals:3 | Reached skill level 19 in Fighting
 40560 | Shoals:3 | Killed Polyphemus
 41154 | Shoals:4 | Entered Level 4 of the Shoals
 41343 | Shoals:3 | Reached XP level 19. HP: 56/167 MP: 29/29
 41346 | Shoals:3 | Reached skill level 1 in Throwing
 42159 | Shoals:4 | Reached skill level 2 in Throwing
 42267 | Shoals:4 | Reached skill level 20 in Armour
 42667 | Shoals:4 | Noticed Ilsuiw
 42692 | Shoals:4 | Killed Ilsuiw
 42714 | Shoals:4 | Got a barnacled rune of Zot
 42892 | Shoals:4 | Identified the +6 long sword of Dabb {speed, rCorr}
 42991 | Shoals:4 | Got the Collected Works on Scorching Lightness
 42995 | Shoals:4 | Found Dabil's General Store.
 43007 | Shoals:4 | Reached skill level 3 in Throwing
 43009 | Shoals:4 | Bought a ring of see invisible for 255 gold pieces
 43515 | Vaults:1 | Entered Level 1 of the Vaults
 43596 | Vaults:1 | HP: 36/168 [ironbound frostheart (15)]
 43596 | Vaults:1 | HP: 8/168 [ironbound frostheart (28)]
 43679 | Vaults:1 | Escaped the Abyss
 43748 | Vaults:1 | Reached skill level 11 in Shields
 43800 | Vaults:1 | Found Picacw's Armour Boutique.
 43810 | Vaults:1 | Bought a +0 pair of gloves of infusion for 195 gold pieces
 44626 | Vaults:1 | Reached skill level 20 in Fighting
 45506 | Vaults:1 | Reached skill level 4 in Throwing
 45735 | Vaults:2 | Noticed Margery
 45747 | Vaults:1 | Reached skill level 14 in Invocations
 45747 | Vaults:1 | Reached XP level 20. HP: 87/176 MP: 27/30
 45886 | Vaults:1 | Killed Margery
 46056 | Vaults:2 | HP: 42/178 [ironbound thunderhulk/bolt of lightning[a
                  | boggart] (20)]
 46057 | Vaults:2 | Killed from afar by an ironbound thunderhulk

Illustrated notes

Levels and vault maps discovered:
D:1:      dpeg_chamrin_arrival_tetris, layout_rooms, serial_shops, shop,
          hellmonk_ecumenical_altar_lost_god, serial_bayou_crossing
D:2:      layout_loops_ring, basic_altar, mrwooster_statue_mirror
D:3:      layout_loops_ring, grunt_gozag_statues, portal_sewer_entry_c
D:4:      layout_loops_ring, minmay_temple_entry_drinking_statues, uniq_robin,
          uniq_eustachio
D:5:      layout_rooms, nicolae_tso_besieged_by_evil
D:6:      layout_cave_pools, marbit_many_paths, uniq_crazy_yiuf_cottage,
          uniq_duvessa
D:7:      layout_basic, lightli_ossuary_entry_decrepit_ruins
D:8:      layout_gridville, fungi_pond_lemuel, minmay_shop_grid_forest,
          uniq_erica
D:9:      layout_stronghold, dpeg_oklobed_lair, orc_0_dummy
D:10:     layout_loops_cross
D:11:     layout_irregular_city, serial_column_ruins,
          column_ruins_circle_medium, column_ruins_open_tiny,
          column_ruins_open_tiny, column_ruins_corridor_straight,
          column_ruins_open_small_water, column_ruins_columns_straight,
          uniq_urug
D:12:     minmay_the_grid_square_5x5_4x4 [minmay_the_grid_square_5x5_inset,
          minmay_the_grid_square_5x5_trominoes,
          minmay_the_grid_square_5x5_inner_i,
          minmay_the_grid_square_5x5_misaligned,
          minmay_the_grid_square_5x5_bite,
          minmay_the_grid_square_5x5_prize_pseudospiral,
          minmay_the_grid_square_5x5_prize_snowflake,
          minmay_the_grid_square_5x5_lines,
          minmay_the_grid_square_5x5_three_small,
          minmay_the_grid_square_5x5_prize_itemx,
          minmay_the_grid_square_5x5_prize_waves,
          minmay_the_grid_square_5x5_inner_v,
          minmay_the_grid_square_5x5_gyroscope,
          minmay_the_grid_square_5x5_hourglass, minmay_the_grid_square_5x5_plus,
          minmay_the_grid_square_5x5_inverted_slash], layout_irregular_city,
          nrook_loot_triangle, uniq_maurice
D:13:     layout_basic, david_vaults_2, kennysheep_opposing_triangles,
          uniq_erolcha
D:14:     layout_roguey, hangedman_decor_peaks_small,
          gammafunk_ghost_fury_of_okawaru
D:15:     hangedman_depths_entry_try_elsewhere_first, layout_basic,
          nicolae_two_hexagons, serial_shops, shop, uniq_louise
Lair:1:   layout_long_grid, serial_bayou_shore_b
Lair:2:   layout_regular_city, guppyfry_snake_entry_garden,
          portal_ice_cave_entry_ice_simulacra, serial_rivers,
          chequers_serial_rivers_micro_e, chequers_serial_rivers_marsh,
          chequers_serial_rivers_large_b, chequers_serial_rivers_small_b,
          chequers_serial_rivers_room_a, uniq_harold
Lair:3:   layout_loops_ring, shoals_dummy_entry, st_stairs_4,
          nicolae_quartered_pool_little, serial_bayou_shore_b,
          grunt_megastairs_5
Lair:4:   layout_regular_city, infiniplex_staircase_pool_2
Lair:5:   layout_big_grid, nicolae_slime_entry_slimehenge, basic_altar,
          grunt_megastairs_2, lemuel_fruit_fields
Lair:6:   guppyfry_lair_end_dragon, layout_gridlike,
          hangedman_lair_caniforms_friends, grunt_megastairs_4
Shoals:1: layout_shoals, serial_shops, nicolae_shop_crystal
Shoals:2: layout_shoals, serial_shops, nicolae_lakefront_shop, yaktaur_hedge
Shoals:3: layout_shoals, uniq_polyphemus
Shoals:4: shoals_end_grunt_garden, layout_shoals, shoals_ilsuiw_alternative,
          serial_shops, shop, nicolae_shoals_this_corrosion
Snake:1:  nicolae_snake_unarmed_stairs_patrol, layout_rooms,
          serial_corexii_hall, chequers_hall_statues_corner_a,
          chequers_hall_statues_wall_a, corexii_hall_statues_deadend,
          corexii_hall_statues_l
Snake:2:  layout_rooms, drop_trap
Snake:3:  layout_misc_corridors, serial_bayou_shore_b
Snake:4:  snake_pit, layout_cave_town
Orc:1:    layout_diamond_mine, rock_pile
Orc:2:    st_orc_elflike, layout_diamond_mine, uniq_sonja
Vaults:1: vaults_dpeg_hooks, nicolae_vaults_border_crossing, v_misc_24,
          v_misc_32, nicolae_vaults_holding_cells, hangedman_vaults_slice,
          vaults_dpeg_doors, layout_vaults_omnigrid, serial_shops,
          nicolae_shop_trees
Vaults:2: v_rooms_6, v_alt_pattern_1, nicolae_vaults_network_star,
          nicolae_vaults_little_ls, vaults_room_pool, hangedman_vaults_trim,
          ontoclasm_vaults_bender, v_misc_4, hangedman_vaults_snaps,
          grunt_vaults_bifocal, v_misc_22, nicolae_vaults_mini_display_case,
          nicolae_vaults_rhombus_5, layout_vaults_maze_bifur, serial_shops,
          nicolae_shop_crystal, uniq_margery, uniq_nikola

Skill      XL: |  1  2  3  4  5  6  7  8  9 10 11 12 13 14 15 16 17 18 19 |
---------------+----------------------------------------------------------+-----
Long Blades    | 3 4 5 6 7 8 11 13 14 | 14.1
Invocations    | 2 3 4 6 7 8 9 10 11 12 13 14 | 14.0
Fighting       | 5 8 10 12 14 15 17 18 19 20 | 20.4
Armour         | 4 7 10 12 13 15 16 18 19 20 | 20.8
Dodging        | 4 6 9 11 12 14 15 16 | 16.8
Shields        | 3 5 7 9 10 11 | 11.8
Throwing       | 4 |  4.3

Action                   |  1- 3 |  4- 6 |  7- 9 | 10-12 | 13-15 | 16-18 | 19-21 || total
-------------------------+-------+-------+-------+-------+-------+-------+-------++-------
Melee: Falchion          |    70 |   293 |   480 |       |       |       |       ||   843
       Punch             |     1 |       |       |       |       |       |       ||     1
       Short sword       |       |       |    35 |   495 |  1098 |       |       ||  1628
       Scimitar          |       |       |       |       |   210 |    21 |       ||   231
       Demon blade       |       |       |       |       |    53 |  1952 |   601 ||  2606
Throw: Boomerang         |       |       |    26 |     7 |    23 |    30 |    11 ||    97
       Dart              |       |       |       |       |       |     2 |       ||     2
Invok: Banish            |       |       |     4 |     7 |     3 |    11 |     1 ||    26
       Depart the Abyss  |       |       |       |       |       |     1 |     1 ||     2
       Enter the Abyss   |       |       |       |       |       |       |     1 ||     1
 Abil: Hop               |       |     1 |     1 |     1 |     2 |     3 |     3 ||    11
Evoke: Wand              |       |       |       |     4 |     6 |     2 |       ||    12
       Condenser vane    |       |       |       |       |       |     1 |       ||     1
  Use: Scroll            |       |       |    10 |     6 |    11 |    10 |     1 ||    38
       Potion            |       |       |     1 |     1 |       |       |       ||     2
 Stab: Distracted        |       |       |       |     7 |    27 |       |       ||    34
       Sleeping          |       |       |       |       |       |     1 |       ||     1
Armor: Ring mail         |    24 |   114 |   206 |   127 |   289 |   136 |       ||   896
       Leather armour    |     3 |       |       |       |       |       |       ||     3
       Chain mail        |       |       |       |       |       |   443 |   196 ||   639
Dodge: Dodged            |    31 |   122 |   209 |   198 |   815 |  1074 |   287 ||  2736
Block: Buckler           |     2 |    35 |    75 |   101 |   301 |   148 |       ||   662
       Kite shield       |       |       |       |       |       |   979 |   425 ||  1404
       Reflection        |       |       |       |       |       |    33 |    56 ||    89

Table legend: (Time is in decaauts)
 A = Elapsed time spent in this place.
 B = Non-inter-level travel time spent in this place.
 C = Inter-level travel time spent in this place.
 D = Time resting spent in this place.
 E = Time spent auto-exploring this place.
 F = Levels seen in this place.
 G = Mean time per level.
                   A        B        C        D        E       F      G
               +--------+--------+--------+--------+--------+-----+--------+
         Total |  49586 |  46413 |   3173 |   8798 |  24309 |  38 | 1304.9 |
       Dungeon |  20441 |  18889 |   1552 |   2690 |  12037 |  15 | 1362.7 |
          Lair |  13338 |  12669 |    669 |   3866 |   5799 |   6 | 2223.0 |
        Shoals |   5094 |   4845 |    249 |    804 |   2092 |   4 | 1273.5 |
     Snake Pit |   5012 |   4811 |    201 |    718 |   1816 |   4 | 1253.0 |
  Orcish Mines |   1902 |   1703 |    199 |    149 |    859 |   2 |  951.0 |
        Vaults |   2617 |   2317 |    300 |    316 |   1298 |   2 | 1308.5 |
         Abyss |    368 |    368 |      0 |    186 |      0 |   3 |  122.7 |
         Sewer |    560 |    560 |      0 |      0 |    405 |   1 |  560.0 |
       Ossuary |    251 |    251 |      0 |     67 |      0 |   1 |  251.0 |
               +--------+--------+--------+--------+--------+-----+--------+

Top non-repeatable levels by time:
  Lair:6: 3547 daAuts
  Lair:4: 2575 daAuts
Vaults:1: 2443 daAuts
     D:9: 2295 daAuts
  Lair:1: 2145 daAuts
     D:4: 2138 daAuts
  Lair:2: 1941 daAuts
Shoals:3: 1778 daAuts
  Lair:5: 1741 daAuts
 Snake:3: 1724 daAuts
    D:11: 1667 daAuts
     D:5: 1607 daAuts
Shoals:4: 1487 daAuts
    D:12: 1416 daAuts
 Snake:4: 1404 daAuts

Table legend:
 A = Kills in this place as a percentage of kills in entire the game.
 B = Kills by you in this place as a percentage of kills by you in the entire game.
 C = Kills by friends in this place as a percentage of kills by friends in the entire game.
 D = Other kills in this place as a percentage of other kills in the entire game.
 E = Experience gained in this place as a percentage of experience gained in the entire game.
 F = Experience gained in this place divided by the number of levels of this place that you have seen.
                   A       B       C       D       E      F
               +-------+-------+-------+-------+-------+----------------------
         Total | 100.0 | 100.0 | 100.0 | 100.0 | 100.0 | 10779.2
       Dungeon |  32.4 |  32.2 | 100.0 |  36.4 |  18.9 | 5154.0
          Lair |  25.0 |  25.1 |   0.0 |  18.2 |  21.5 | 14648.7
        Shoals |  13.5 |  13.6 |   0.0 |   9.1 |  21.7 | 22172.8
     Snake Pit |  14.3 |  13.9 |   0.0 |  31.8 |  21.6 | 22145.2
  Orcish Mines |   6.3 |   6.4 |   0.0 |   4.5 |   4.0 | 8186.5
        Vaults |   5.6 |   5.7 |   0.0 |   0.0 |  12.3 | 25277.5
         Abyss |   0.8 |   0.8 |   0.0 |   0.0 |   0.0 |   0.0
         Sewer |   1.3 |   1.3 |   0.0 |   0.0 |   0.0 |  79.0
       Ossuary |   0.8 |   0.8 |   0.0 |   0.0 |   0.0 | 127.0
               +-------+-------+-------+-------+-------+----------------------
